 Dungeon Crawl Stone Soup version 0.24.0-35-gdb84b6a5db (webtiles) character file.

Game seed: 15495585737617982361, levelgen mode: deterministic

92 Descartes the Skirmisher (level 4, -3/37 HPs)
             Began as a Formicid Abyssal Knight on Nov 18, 2019.
             Was a Follower of Lugonu.
             Slain by a gnoll
             ... wielding a cursed -2 flail
              (4 damage)
             ... on level 3 of the Dungeon.
             The game lasted 00:05:18 (2028 turns).

Descartes the Skirmisher (Formicid Abyssal Knight)  Turns: 2028, Time: 00:05:19

Health: -3/37      AC:  6    Str: 16    XL:     4   Next: 90%
Magic:  6/6        EV:  9    Int: 13    God:    Lugonu [*.....]
Gold:   88         SH:  3    Dex: 10    Spells: 3/3 levels left

rFire    . . .     SeeInvis +   a - +1 hand axe
rCold    . . .     Gourm    .   x - +0 buckler
rNeg     . . .     Faith    .   z - +0 scale mail
rPois    .         Spirit   .   (helmet unavailable)
rElec    .         Reflect  .   (no cloak)
rCorr    .         Harm     .   (no gloves)
MR       .....                  (no boots)
Stlth    ..........             (no amulet)
HPRegen  0.12/turn              (no ring)
MPRegen  0.10/turn              (no ring)

@: no status effects
A: permanent stasis, dig shafts and tunnels, four strong arms, antennae 3
a: Dig, Shaft Self, Depart the Abyss, Renounce Religion


You were on level 3 of the Dungeon.
You worshipped Lugonu.
Lugonu was aware of your devotion.
You were not hungry.

You visited 1 branch of the dungeon, and saw 3 of its levels.
You visited the Abyss 1 time.

You collected 88 gold pieces.

Inventory:

Hand Weapons
 a - a +1 hand axe (weapon)
 b - a +0 hunting sling
 l - a +0 hunting sling
Missiles
 d - 55 stones (quivered)
 k - a throwing net
 m - 5 boomerangs
 o - 46 bolts
 p - 18 arrows
Armour
 q - a +0 ring mail
 x - a +0 buckler (worn)
 z - a +0 scale mail (worn)
Wands
 e - a wand of polymorph (11)
 y - a wand of enslavement (7)
Scrolls
 f - a scroll of enchant weapon {unknown}
 g - 2 scrolls of teleportation {unknown}
 h - 4 scrolls of remove curse {unknown}
 j - a scroll of immolation {unknown}
 n - 3 scrolls of identify {unknown}
 r - a scroll of amnesia {unknown}
Potions
 i - a potion of haste {unknown}
 s - a potion of cancellation {unknown}
 t - 3 potions of flight {unknown}
 u - a potion of ambrosia {unknown}
 v - a potion of agility {unknown}
 w - a potion of mutation {unknown}
Comestibles
 c - 4 rations
 A - a chunk of flesh


   Skills:
 + Level 3.7 Fighting
 + Level 2.6 Axes
 + Level 2.8 Armour
 + Level 1.6 Dodging
 * Level 1.0 Shields
 + Level 2.9 Invocations
 + Level 1.3 Evocations


You had 3 spell levels left.
You didn't know any spells.
Your spell library was empty.

Dungeon Overview and Level Annotations

Branches:
Dungeon (3/15)

Altars:


Innate Abilities, Weirdness & Mutations

You cannot be hasted, slowed, berserked, paralysed or teleported.
You can dig through walls and to a lower floor.
Your four strong arms can wield two-handed weapons with a shield.
You have a pair of large antennae on your head. (SInv)


Message History

You hit the gnoll.
The gnoll is moderately wounded.
You hit the gnoll.
You kill the gnoll!
Lugonu accepts your kill.
Your Shields skill increases to level 1!
The gnoll hits you with a cursed -2 flail!
* * * LOW HITPOINT WARNING * * *
You hit the gnoll.
The gnoll is almost dead.
The gnoll hits you with a cursed -2 flail.
* * * LOW HITPOINT WARNING * * *
You barely miss the gnoll.
The gnoll is almost dead.
The gnoll hits you with a cursed -2 flail.
* * * LOW HITPOINT WARNING * * *
You closely miss the gnoll.
The gnoll is almost dead.
The gnoll hits you with a cursed -2 flail.
You die...

######################
......................
..############.######
..# #..# ..# ##.## ###
#..# # ##.## . #@)# ##
##g# <# (.# ## #.# ..
#.# .. #.#


You could see a gnoll.

Vanquished Creatures
  3 adders (D:2)
  A gnoll (D:3)
  An ooze (D:2)
  A worm (D:2)
  A dart slug (D:1)
  2 leopard geckos (D:2)
  6 bats (D:1)
  A giant cockroach (D:1)
  7 goblins
  9 hobgoblins
  2 frilled lizards (D:1)
  3 kobolds
  7 rats
44 creatures vanquished.

Notes
Turn   | Place    | Note
-------+----------+-------------------------------------------
     0 | Abyss:1  | Descartes the Formicid Abyssal Knight began the quest for
                  | the Orb.
     0 | Abyss:1  | Reached XP level 1. HP: 18/18 MP: 2/2
    56 | Abyss:2  | Noticed a chaos spawn
    71 | Abyss:2  | Noticed a starcursed mass
    72 | D:1      | Escaped the Abyss
   131 | D:1      | Reached skill level 1 in Dodging
   189 | D:1      | Reached XP level 2. HP: 24/24 MP: 3/3
   193 | D:1      | Reached * piety under Lugonu
   431 | D:1      | Reached XP level 3. HP: 24/29 MP: 4/4
   902 | D:2      | Reached skill level 1 in Evocations
   961 | D:2      | Reached XP level 4. HP: 25/37 MP: 6/6
  2025 | D:3      | Reached skill level 1 in Shields
  2027 | D:3      | HP: 1/37 [gnoll/cursed -2 flail (1)]
  2028 | D:3      | Slain by a gnoll

Levels and vault maps discovered:
D:1:      minmay_arrival_arboretum_small, layout_basic, nrook_loot_triangle
D:2:      layout_basic
D:3:      layout_basic

Skill      XL: |  1  2  3  4 |
---------------+-------------+-----
Dodging        | 1 |  1.6
Evocations     | 1 |  1.3
Shields        | 1 |  1.0
Fighting       | |  3.7
Axes           | |  2.6
Armour         | |  2.8
Invocations    | |  2.9

Action                   |  1- 3 |  4- 6 || total
-------------------------+-------+-------++-------
Melee: Hand axe          |   102 |    53 ||   155
Invok: Depart the Abyss  |     1 |       ||     1
  Eat: Chunk             |       |     4 ||     4
Armor: Leather armour    |    28 |       ||    28
       Ring mail         |     7 |    14 ||    21
       Scale mail        |       |     2 ||     2
Dodge: Dodged            |    73 |    24 ||    97
Block: Buckler           |     1 |     3 ||     4
